 Dungeon Crawl Stone Soup version 0.29.0-11-gd7f09526c8 (webtiles) character file.

Game seed: 8808409900228845698

511 pacmanke6689 the Sneak (level 7, -2/45 HPs)
             Began as an Octopode Brigand on Sept 6, 2022.
             Was a Believer of Sif Muna.
             Slain by a gnoll bouda
             ... wielding a +0 club
              (8 damage)
             ... on level 4 of the Dungeon.
             The game lasted 00:15:58 (4706 turns).

pacmanke6689 the Sneak (Octopode Brigand)           Turns: 4706, Time: 00:15:59

Health: -2/45      AC:  1    Str: 11    XL:     7   Next: 19%
Magic:  8/11       EV: 14    Int: 13    God:    Sif Muna [**....]
Gold:   155        SH:  0    Dex: 15    Spells: 9/11 levels left

rFire   . . .      SeeInvis .   a - +3 dagger
rCold   . . .      Faith    .   (no shield)
rNeg    . . .      Spirit   .   (helmet restricted)
rPois   .          Reflect  .   (no amulet)
rElec   .          Harm     .   (no ring)
rCorr   .          Rampage  .   (no ring)
Will    .....                   (no ring)
Stlth   +++++.....              (no ring)
HPRegen 0.15/turn               (no ring)
MPRegen 0.12/turn               (no ring)
                                (no ring)
                                (no ring)

@: very slightly contaminated
A: almost no armour, amphibious, 8 rings, camouflage 1, gelatinous body 1,
(nimble swimmer 1), tentacles
a: Renounce Religion, Channel Magic


You were on level 4 of the Dungeon.
You worshipped Sif Muna.
Sif Muna was pleased with you.
You visited 1 branch of the dungeon, and saw 5 of its levels.

You collected 311 gold pieces.
You spent 156 gold pieces at shops.

Inventory:

Hand Weapons
 a - a +3 dagger (weapon)
Missiles
 b - 10 poisoned darts
 c - 3 curare-tipped darts
Jewellery
 d - a ring of protection from cold
 i - a ring of see invisible
 p - a +4 ring of evasion
Scrolls
 e - 7 scrolls of teleportation
 f - a scroll of torment
 g - a scroll of enchant armour
 j - a scroll of poison {unknown}
 k - a scroll of vulnerability
 l - a scroll of immolation
 q - a scroll of amnesia
 r - 4 scrolls of noise {unknown}
Potions
 m - a potion of might {unknown}
 n - a potion of cancellation {unknown}
 o - a potion of lignification {unknown}
 s - a potion of brilliance {unknown}
 t - a potion of heal wounds {unknown}


   Skills:
 + Level 2.8 Fighting
 + Level 3.1 Short Blades
 + Level 2.4 Throwing
 + Level 2.9 Dodging
 + Level 7.5 Stealth
 + Level 2.6 Spellcasting
 + Level 2.0 Summonings
 + Level 1.1 Necromancy


You had 9 spell levels left.
You knew the following spells:

 Your Spells              Type           Power      Damage    Failure   Level
a - Necrotise             Necr           16%        1d4       16%         1
b - Summon Small Mammal   Summ           24%        N/A       11%         1

Your spell library contained the following spells:

 Spells                   Type           Power      Damage    Failure   Level
 Apportation              Tloc           2%         N/A       24%         1
 Ozocubu's Armour         Ice            1%         N/A       58%         3
 Tukima's Dance           Hex            1%         N/A       58%         3
 Passage of Golubria      Tloc           1%         N/A       94%         4
 Yara's Violent Unravell  Hex/Tmut       0%         3d3       100%        5
 Ozocubu's Refrigeration  Ice            0%         4d7       100%        7


Dungeon Overview and Level Annotations

Branches:
Dungeon (5/15)             Temple (0/1) D:4

Altars:
Sif Muna
The Shining One

Shops:
D:3 :[[![


Innate Abilities, Weirdness & Mutations

You cannot wear most types of armour.
You are amphibious.
You can wear up to eight rings at the same time.
Your skin changes colour to match your surroundings (Stealth+).
Your rubbery body absorbs attacks. (AC +1, EV +1)
((You are camouflaged when in or above water. (Stealth+)))
You have tentacles for arms and can constrict up to eight enemies at once.


Message History

The gnoll shouts!
The gnoll bouda hits your rat with a +0 club.
Your rat dies!
Your rat's corpse disappears in a puff of smoke!
Casting: Summon Small Mammal (safe; 11% risk of failure)
Press: ? - help, Q - select action, (/) - cycle Dir - look around, f - activate The gnoll hits your rat with a +0 flail!
Your rat dies!
Your rat's corpse disappears in a puff of smoke!
Casting: Summon Small Mammal (safe; 11% risk of failure)
Press: ? - help, Q - select action, (/) - cycle Dir - look around, f - activate You miscast Summon Small Mammal.
You are very lightly contaminated with residual magic.
Nothing appears to happen.
An adder comes into view.
The gnoll bouda barks out a call to the hunt!
The gnolls pick up the pace!
The gnoll completely misses you. The gnoll hits you with a +0 flail!
The adder hisses angrily.
You hit the gnoll. Your grab misses the gnoll.
The gnoll is lightly wounded.
The gnoll hits you with a +0 club. The gnoll closely misses you.
You barely miss the gnoll. You grab the gnoll. You squeeze the gnoll!
The gnoll is severely wounded.
You constrict the gnoll, but do no damage.
The gnoll bouda hits you with a +0 club!
The gnoll hits you with a +0 club.
You can't go down here!
You release your grip on the gnoll.
The gnoll closely misses you.
The gnoll bouda hits you with a +0 club!
* * * LOW HITPOINT WARNING * * *
The gnoll hits you with a +0 club.
* * * LOW HITPOINT WARNING * * *
You climb upwards.
There is a stone staircase leading down here.
You hit the gnoll.
You kill the gnoll!
Sif Muna accepts your kill.
The gnoll bouda hits you with a +0 club!
You die...

.# ###..##.....>.................
.# #........######..######.##.. .#
#.#.......######.#### #.##.. .##
#.#.................###.##..
รท.####.#.......##.####....##.#..#
..............###.#####......#.##
......###.....###.........#..#.#
.#######.......#g..###..#......#
.# #.......#@.###..####...### .#
#.......g)..##.## #......
#########.....####.#..# ###.#....
....)...#....## #.#.####...#.###
#######...#### #...#....###....
#..## #..##........### ##
#...########.###....###.#
.######.#...........########..#
..[...........>####.## #.##


You could see a gnoll bouda and a gnoll (swift).

Vanquished Creatures
  Menkaure (D:4)
  Duvessa (D:4)
  A scorpion (D:4)
  Dowan (D:4)
  Terence (D:2)
  Robin (D:4)
  2 gnolls
  5 adders
  3 dart slugs
  6 orcs (D:3)
  5 endoplasms
  2 giant cockroaches (D:1)
  14 goblins
  7 hobgoblins
  4 quokkas
  8 ball pythons
  3 bats
  4 frilled lizards
  6 kobolds
  4 rats
79 creatures vanquished.

Vanquished Creatures (collateral kills)
  A ball python (D:4)
  A goblin (D:3)
  A hobgoblin (D:4)
  A kobold (D:4)
4 creatures vanquished.

Grand Total: 83 creatures vanquished

Notes
Turn   | Place    | Note
-------+----------+-------------------------------------------
     0 | D:1      | pacmanke6689 the Octopode Brigand began the quest for the
                  | Orb.
     0 | D:1      | Reached XP level 1. HP: 14/14 MP: 1/1
   252 | D:1      | Reached XP level 2. HP: 19/19 MP: 2/2
   609 | D:1      | Found a faded altar of an unknown god.
   698 | D:1      | Got Plato's Volume of Dark Mysteries
   702 | D:1      | Learned a level 1 spell: Necrotise
   702 | D:1      | Prayed at the altar of an unknown god.
   702 | D:1      | Became a worshipper of Sif Muna the Loreminder
   702 | D:1      | Reached * piety under Sif Muna
   808 | D:2      | Reached XP level 3. HP: 22/24 MP: 1/3
  1147 | D:2      | Reached skill level 6 in Stealth
  1193 | D:2      | Noticed Terence
  1196 | D:2      | Killed Terence
  1197 | D:2      | Reached XP level 4. HP: 29/29 MP: 4/4
  1697 | D:3      | Found Ditsiu's Antique Armour Shop.
  1762 | D:3      | Found Yruetiuh's Distillery.
  1827 | D:3      | Found Urodghuziy's Antique Armour Shoppe.
  1844 | D:3      | Reached ** piety under Sif Muna
  1845 | D:3      | Reached XP level 5. HP: 16/34 MP: 5/5
  2296 | D:3      | Found Xeniar's Antique Armour Shoppe.
  2547 | D:3      | Found Kimud's Book Boutique.
  2556 | D:3      | Bought a book of Cantrips for 156 gold pieces
  2558 | D:3      | Learned a level 1 spell: Summon Small Mammal
  2838 | D:4      | Noticed Duvessa
  2838 | D:4      | Noticed Dowan
  2838 | D:4      | Noticed Robin
  3394 | D:4      | Reached skill level 7 in Stealth
  3394 | D:4      | Reached skill level 1 in Spellcasting
  3394 | D:4      | Reached skill level 1 in Necromancy
  3606 | D:4      | Killed Duvessa
  3607 | D:4      | Reached skill level 1 in Summonings
  3607 | D:4      | Reached XP level 6. HP: 28/41 MP: 4/8
  3612 | D:4      | Killed Dowan
  3872 | D:4      | Killed Robin
  3992 | D:4      | Found a staircase to the Ecumenical Temple.
  4216 | D:4      | Found a glowing golden altar of the Shining One.
  4388 | D:4      | Noticed Menkaure
  4405 | D:4      | Killed Menkaure
  4406 | D:4      | Reached XP level 7. HP: 16/45 MP: 6/10
  4697 | D:5      | Entered Level 5 of the Dungeon
  4706 | D:4      | Slain by a gnoll bouda

Illustrated notes

Levels and vault maps discovered:
D:1:      amcnicky_arrival_single_pillar, layout_rooms,
          shapermc_ecumenical_altar_rom_forum, minmay_pentomino_o2
D:2:      layout_loops_ring, minmay_joined_circles, uniq_terence
D:3:      layout_basic, serial_shops, shop, shop, nicolae_square_shop,
          nicolae_square_shop, nicolae_shop_crystal
D:4:      layout_rooms, lemuel_tele_altar, minmay_temple_entry_nine_rooms,
          small_statue_intersection, uniq_duvessa, uniq_robin, uniq_menkaure
D:5:      layout_rooms, lemuel_blue_sif_altar, general_overflow_altar,
          serial_bayou_lagoon_b

Skill      XL: |  1  2  3  4  5  6 |
---------------+-------------------+-----
Stealth        | 6 7 |  7.5
Short Blades   | 3 |  3.1
Dodging        | 2 |  2.9
Spellcasting   | 1 2 |  2.6
Necromancy     | 1 |  1.1
Summonings     | 1 2 |  2.0
Fighting       | |  2.8
Throwing       | |  2.4

Action                   |  1- 3 |  4- 6 |  7- 9 || total
-------------------------+-------+-------+-------++-------
Melee: Dagger            |    37 |   112 |     4 ||   153
       Constrict         |     7 |    25 |     1 ||    33
       Tentacles         |    10 |    20 |     1 ||    31
       Punch             |     1 |     1 |       ||     2
Throw: Dart              |    18 |       |       ||    18
 Cast: Necrotise         |     6 |    13 |       ||    19
       Summon Small Mamm |       |    21 |     2 ||    23
  Use: Scroll            |     4 |     5 |       ||     9
       Potion            |       |     3 |       ||     3
 Stab: Sleeping          |     5 |     7 |     1 ||    13
       Distracted        |       |     1 |       ||     1
Armor: Skin              |     5 |    11 |       ||    16
Dodge: Dodged            |    12 |    90 |     3 ||   105
